AoeStats
← TX430054

Arena

509660402Analyzed
1v1 RM · 5d ago on Sep 27, 2026· 30m 57s· 2 players
Game mode
Random Map
Map size
Tiny (2 player)
Population
200
Speed
Normal
Resources
Standard
Victory
Conquest
Starting age
Dark Age
Ending age
Imperial Age
RankedLock teamsTeams togetherTeam positionsShared explorationLock speedFull tech treeHidden civsTurbo modeCheats
Victory
Defeat
🇹🇼 Turks · Taiwan
934
+15
🇨🇦 Sicilians · Canada
907
-15
Poptart#44
11:32 Feudal Age
12:23 Double-Bit Axe
17:19 Castle Age
15:50 Forging
17:08 Horse Collar
18:00 Scale Mail Armor
20:11 Iron Casting
21:20 Fletching
24:15 Wheelbarrow
25:17 Elite Skirmisher
TX430054
11:01 Feudal Age
14:52 Castle Age
13:53 Double-Bit Axe
14:04 Gold Mining
14:28 Horse Collar
15:53 Loom
17:09 Bow Saw
22:53 Padded Archer Armor
24:15 Wheelbarrow
Connection lost

Rejoining the realm…

Still unreachable

The connection could not be restored.

Session expired

The server has moved on; the page needs a fresh start.